 Dungeon Crawl Stone Soup version 0.31-a0-1308-ga3cce3a448 (webtiles) character file.

Game seed: 7775208408128971281

277 jlumianski the Ruffian (level 6, -2/47 HPs)
             Began as a Gnoll Shapeshifter on Dec 19, 2023.
             Killed from afar by Pikel (9 damage)
             ... with a puff of flame
             ... on level 4 of the Dungeon.
             The game lasted 00:11:23 (2698 turns).

jlumianski the Ruffian (Gnoll Shapeshifter)         Turns: 2698, Time: 00:11:24

Health: -2/47      AC:  5    Str: 16    XL:     6   Next: 25%
Magic:  8/8        EV: 12    Int: 15    God:
Gold:   20         SH:  0    Dex: 11    Spells: 8/8 levels left

rFire   . .          .
                       - Unarmed
rCold   . . .        (no shield)
rNeg    . . .        g - +0 ring mail
rPois   .            (helmet currently unavailable)
rElec   .            (cloak currently unavailable)
rCorr   .            (gloves currently unavailable)
SInv    .            (boots currently unavailable)
Will    +....        (no amulet)
Stlth   +            n - ring of willpower
HPRegen 0.27/turn    w - +6 ring of intelligence
MPRegen 0.11/turn

%: no passive effects
@: beast-form
A: beast (slay +3), fangs 1, strong nose, distributed training
a: Begin Untransformation


You were on level 4 of the Dungeon.
You were a hulking beast.
You visited 1 branch of the dungeon, and saw 5 of its levels.

You collected 104 gold pieces.
You spent 84 gold pieces at shops.

Inventory:

Hand Weapons
 f - a +0 sling
Missiles
 e - 4 javelins
 q - 8 poisoned darts (quivered)
Armour
 a - a +0 animal skin
 g - a +0 ring mail (worn)
 z - a +0 helmet
Magical Staves
 j - a staff of air
 l - a staff of fire
Jewellery
 n - a ring of willpower (left hand)
 w - a +6 ring of intelligence (right hand)
Talismans
 c - a beast talisman
 d - a flux talisman
Scrolls
 h - 4 scrolls of teleportation
 i - a scroll of blinking {unknown}
 m - a scroll of enchant weapon {unknown}
 p - a scroll of fog {unknown}
 r - 2 scrolls of enchant armour
 s - a scroll of butterflies {unknown}
 u - a scroll of poison {unknown}
 x - a scroll of revelation {unknown}
 y - a scroll of noise {unknown}
Potions
 b - 6 potions of lignification
 k - a potion of resistance
 o - a potion of heal wounds
 t - a potion of curing
 v - a potion of enlightenment


   Skills:
 + Level 3.2 Fighting
 + Level 1.9 Short Blades
 + Level 1.9 Long Blades
 + Level 1.9 Axes
 + Level 1.9 Maces & Flails
 + Level 1.9 Polearms
 + Level 1.9 Staves
 + Level 1.9 Ranged Weapons
 + Level 1.9 Throwing
 + Level 1.9 Armour
 + Level 5.0 Dodging
 + Level 1.9 Stealth
 + Level 1.9 Shields
 + Level 6.8 Unarmed Combat
 + Level 1.9 Spellcasting
 + Level 1.5 Conjurations
 + Level 1.5 Hexes
 + Level 1.5 Summonings
 + Level 1.5 Necromancy
 + Level 1.5 Translocations
 + Level 1.5 Transmutations
 + Level 1.5 Fire Magic
 + Level 1.5 Ice Magic
 + Level 1.5 Air Magic
 + Level 1.5 Earth Magic
 + Level 1.5 Poison Magic
 + Level 2.1 Invocations
 + Level 1.9 Evocations
 + Level 6.7 Shapeshifting


You had 8 spell levels left.
You didn't know any spells.
Your spell library contained the following spells:

 Spells                   Type           Power      Damage    Failure   Level
 Stone Arrow              Conj/Erth      12%        3d7       54%         3
 Tukima's Dance           Hex            6%         N/A       54%         3
 Animate Armour           Summ/Erth      12%        N/A       91%         4
 Passage of Golubria      Tloc           6%         N/A       91%         4
 Yara's Violent Unravell  Hex/Tmut       3%         3d4       99%         5
 Lehudib's Crystal Spear  Conj/Erth      3%         10d2      100%        8


Dungeon Overview and Level Annotations

Branches:
Dungeon (5/15)
 Temple: D:4-7

Altars:
Cheibriados
Ru

Shops:
D:3 ?

Annotations:
D:4 Edmund, Pikel


Innate Abilities, Weirdness & Mutations

You are a hulking beast.
Your limbs bulge with bestial killing power. (Slay +3)
You have very sharp teeth.
Your uncanny sense of smell can sniff out nearby items.
Your experience applies equally to all skills.


Message History

You start resting.
HP restored.
You climb downwards.
Level annotation: Edmund, Pikel
There is a stone staircase leading up here.
You now have 20 gold pieces (gained 6).
h - 4 scrolls of teleportation (gained 3)
Found a stone staircase leading down.
There is a stone staircase leading down here.
You climb downwards.
There is a stone staircase leading up here.
You climb upwards.
Level annotation: Edmund, Pikel
There is a stone staircase leading down here.
Pikel shouts!
Pikel zaps a wand.
The puff of flame misses you.
Pikel zaps a wand.
The puff of flame hits you.
Pikel zaps a wand.
The puff of flame hits you.
A lemure comes into view.
Pikel closely misses you.
You hit Pikel. You bite Pikel.
Pikel is lightly wounded.
Pikel hits you with a +0 whip of freezing.
Pikel freezes you.
You closely miss Pikel.
Pikel is lightly wounded.
Pikel zaps a wand.
The puff of flame hits you!
You miss Pikel.
Pikel is lightly wounded.
You punch Pikel!
Pikel is heavily wounded.
Pikel hits you with a +0 whip of freezing.
Pikel freezes you. The lemure hits you!
* * * LOW HITPOINT WARNING * * *
You punch Pikel!
Pikel is severely wounded.
Pikel says, "I'm sure the Orcish Mines are around here somewhere..."
Pikel zaps a wand.
The puff of flame hits you!
You die...
Pikel says, "Another soul for the market."

############..###
#....#####...###
#...............
#.>..#######.###
#.#### #.... #.#
##### ###.# #...#
#h### ......K5#
.....#..## ####
#....# #..#[.# ####
...##..# ####.#5
.#.. #..#####......
####.##........#..##
..<.........##.###


You could see Pikel and a lemure.

Vanquished Creatures
  Sigmund (D:2)
  3 lemures
  Robin (D:3)
  An adder (D:2)
  4 worms
  A dart slug (D:1)
  2 orcs (D:3)
  8 bats
  7 endoplasms
  2 giant cockroaches
  13 goblins
  12 hobgoblins
  4 jackals (D:2)
  8 kobolds
  A quokka (D:3)
  2 ball pythons (D:2)
  5 frilled lizards
  4 rats
79 creatures vanquished.

Notes
Turn   | Place    | Note
-------+----------+-------------------------------------------
     0 | D:1      | jlumianski the Gnoll Shapeshifter began the quest for the
                  | Orb.
     0 | D:1      | Reached XP level 1. HP: 17/17 MP: 1/1
   100 | D:2      | Reached XP level 2. HP: 23/23 MP: 2/2
   162 | D:2      | Reached XP level 3. HP: 25/28 MP: 3/3
   304 | D:1      | You fall into a shaft and drop 1 floor!
   377 | D:1      | Reached skill level 1 in Invocations
   632 | D:1      | Reached skill level 1 in Short Blades
   632 | D:1      | Reached skill level 1 in Long Blades
   632 | D:1      | Reached skill level 1 in Axes
   632 | D:1      | Reached skill level 1 in Maces & Flails
   632 | D:1      | Reached skill level 1 in Polearms
   632 | D:1      | Reached skill level 1 in Staves
   632 | D:1      | Reached skill level 1 in Ranged Weapons
   632 | D:1      | Reached skill level 1 in Throwing
   632 | D:1      | Reached skill level 1 in Armour
   632 | D:1      | Reached skill level 1 in Stealth
   632 | D:1      | Reached skill level 1 in Shields
   632 | D:1      | Reached skill level 1 in Spellcasting
   632 | D:1      | Reached skill level 1 in Evocations
   930 | D:2      | Reached XP level 4. HP: 34/34 MP: 5/5
  1215 | D:2      | Found a faded altar of an unknown god.
  1367 | D:3      | Reached skill level 1 in Conjurations
  1367 | D:3      | Reached skill level 1 in Hexes
  1367 | D:3      | Reached skill level 1 in Summonings
  1367 | D:3      | Reached skill level 1 in Necromancy
  1367 | D:3      | Reached skill level 1 in Translocations
  1367 | D:3      | Reached skill level 1 in Transmutations
  1367 | D:3      | Reached skill level 1 in Fire Magic
  1367 | D:3      | Reached skill level 1 in Ice Magic
  1367 | D:3      | Reached skill level 1 in Air Magic
  1367 | D:3      | Reached skill level 1 in Earth Magic
  1367 | D:3      | Reached skill level 1 in Poison Magic
  1453 | D:2      | Noticed Sigmund
  1471 | D:2      | Killed Sigmund
  1472 | D:2      | Reached XP level 5. HP: 9/41 MP: 5/7
  1472 | D:2      | Reached XP level 6. HP: 10/47 MP: 5/8
  1747 | D:3      | Found a snail-covered altar of Cheibriados.
  1952 | D:4      | Noticed Edmund
  1970 | D:4      | Noticed Robin
  2073 | D:3      | Found a sacrificial altar of Ru.
  2119 | D:3      | Found Leoh's Magic Scroll Shop.
  2123 | D:3      | Bought a scroll of identify for 28 gold pieces
  2123 | D:3      | Bought a scroll of identify for 28 gold pieces
  2123 | D:3      | Bought a scroll of identify for 28 gold pieces
  2436 | D:3      | Killed Robin
  2437 | D:3      | Reached skill level 5 in Dodging
  2563 | D:4      | Noticed Pikel
  2685 | D:5      | Entered Level 5 of the Dungeon
  2698 | D:4      | Killed from afar by Pikel

Illustrated notes

Levels and vault maps discovered:
D:1:      dpeg_arrival_brainrot, layout_basic, serial_bayou_pond_e,
          hangedman_decor_points
D:2:      layout_rooms, chequers_ecumenical_altar_lobes, uniq_sigmund
D:3:      layout_rooms, nicolae_ru_the_path_less_chosen,
          cheibrodos_worm_habitat, serial_shops, nicolae_shop_back_alley_shop,
          dreamdust_princess_bridge, dk_noncrumbling_4
D:4:      layout_rooms, uniq_robin, uniq_pikel, uniq_edmund
D:5:      layout_basic, pdpol_wu_jian_five_deadly_venoms,
          minmay_temple_entry_overgrown

Skill      XL: |  1  2  3  4  5  6 |
---------------+-------------------+-----
Invocations    | 1 2 |  2.1
Short Blades   | 1 |  1.9
Long Blades    | 1 |  1.9
Axes           | 1 |  1.9
Maces & Flails | 1 |  1.9
Polearms       | 1 |  1.9
Staves         | 1 |  1.9
Ranged Weapons | 1 |  1.9
Throwing       | 1 |  1.9
Armour         | 1 |  1.9
Stealth        | 1 |  1.9
Shields        | 1 |  1.9
Spellcasting   | 1 |  1.9
Evocations     | 1 |  1.9
Conjurations   | 1 |  1.5
Hexes          | 1 |  1.5
Summonings     | 1 |  1.5
Necromancy     | 1 |  1.5
Translocations | 1 |  1.5
Transmutations | 1 |  1.5
Fire Magic     | 1 |  1.5
Ice Magic      | 1 |  1.5
Air Magic      | 1 |  1.5
Earth Magic    | 1 |  1.5
Poison Magic   | 1 |  1.5
Fighting       | 3 |  3.2
Dodging        | 5 |  5.0
Unarmed Combat | |  6.8
Shapeshifting  | |  6.7

Action                     |  1- 3 |  4- 6 || total
---------------------------+-------+-------++-------
  Melee: Unarmed           |    65 |    97 ||   162
         Bite              |     3 |     5 ||     8
         Punch             |       |     2 ||     2
  Throw: Dart              |       |     7 ||     7
    Use: Potion            |     1 |       ||     1
         Scroll            |       |     5 ||     5
 Armour: Animal skin       |     2 |       ||     2
         Ring mail         |    25 |    65 ||    90
  Dodge: Dodged            |    63 |    60 ||   123

Table legend: (Time is in decaauts)
 A = Elapsed time spent in this place.
 B = Non-inter-level travel time spent in this place.
 C = Inter-level travel time spent in this place.
 D = Time resting spent in this place.
 E = Time spent auto-exploring this place.
 F = Levels seen in this place.
 G = Mean time per level.
                   A        B        C        D        E       F      G
               +--------+--------+--------+--------+--------+-----+--------+
         Total |   2698 |   2615 |     83 |    291 |   1292 |   5 |  539.6 |
       Dungeon |   2698 |   2615 |     83 |    291 |   1292 |   5 |  539.6 |
               +--------+--------+--------+--------+--------+-----+--------+

Top non-repeatable levels by time:
     D:3: 991 daAuts
     D:2: 813 daAuts
     D:1: 707 daAuts
     D:4: 183 daAuts
     D:5: 1 daAuts
